 Dungeon Crawl Stone Soup version 0.30-a0-743-gbfdf073431 (webtiles) character file.

Game seed: 14628203016844154484

6255 zero the Thaumaturge (level 10, -1/59 HPs)
             Began as a Gargoyle Earth Elementalist on Feb 5, 2023.
             Was a Believer of Vehumet.
             Killed from afar by an acid dragon (18 damage)
             ... with a splash of acid
             ... on level 11 of the Dungeon.
             The game lasted 00:10:02 (12000 turns).

zero the Thaumaturge (Gargoyle Earth Elementalist) Turns: 12000, Time: 00:10:03

Health: -1/59      AC:  7    Str: 12    XL:     10   Next: 93%
Magic:  24/24      EV: 11    Int: 26    God:    Vehumet [**....]
Gold:   440        SH:  3    Dex: 10    Spells: 20/29 levels left

rFire   + . .      SeeInvis +    t - +7 falchion of the Chain {heavy, rN+ SInv}
rCold   . . .      Faith    .    C - +0 buckler
rNeg    + + .      Spirit   .    D - +2 robe "Bekhoa" {Regen+}
rPois   ∞          Reflect  .    i - +0 helmet
rElec   +          Harm     .    n - +0 cloak
rCorr   .          Rampage  .    (no gloves)
Will    .....                    F - +0 pair of boots
Stlth   ++                       (no amulet)
HPRegen 1.09/turn                x - +6 ring of intelligence
MPRegen 0.19/turn                I - ring of protection from fire

@: spiked, corroded
A: sickness immunity, AC +7, negative energy resistance 1, electricity
resistance, torment resistance 1, petrification resistance
a: Renounce Religion


You were on level 11 of the Dungeon.
You worshipped Vehumet.
Vehumet was pleased with you.
You visited 2 branches of the dungeon, and saw 12 of its levels.
You also visited: Sewer.

You collected 512 gold pieces.
You spent 72 gold pieces at shops.

Inventory:

Hand Weapons
 t - the +7 falchion of the Chain (weapon) {heavy, rN+ SInv}
   (You found it on level 4 of the Dungeon)

   rN:        It protects you from negative energy.
   SInv:      It lets you see invisible.
Armour
 i - a +0 helmet (worn)
 n - a +0 cloak (worn)
 r - the +4 kite shield of Gravity {rF+ Str+4}
   (You found it on level 2 of the Dungeon)

   Str:       It affects your strength (+4).
   rF:        It protects you from fire.
 C - a +0 buckler (worn)
 D - the +2 robe "Bekhoa" (worn) {Regen+}
   (You found it on level 7 of the Dungeon)

   Regen:     It increases your rate of health regeneration.
 F - a +0 pair of boots (worn)
Magical Staves
 c - a staff of fire
 o - a staff of death
Jewellery
 x - a +6 ring of intelligence (left hand)
 I - a ring of protection from fire (right hand)
Wands
 z - a wand of mindburst (22)
 E - a wand of charming (6)
 G - a wand of polymorph (9)
Scrolls
 a - 4 scrolls of poison {unknown}
 d - 3 scrolls of fog {unknown}
 e - 4 scrolls of teleportation {unknown}
 h - 3 scrolls of vulnerability {unknown}
 k - 2 scrolls of butterflies {unknown}
 m - a scroll of torment {unknown}
 q - 10 scrolls of identify {unknown}
 s - 2 scrolls of enchant weapon {unknown}
 u - a scroll of blinking {unknown}
 v - 2 scrolls of enchant armour {unknown}
 w - a scroll of silence {unknown}
 y - a scroll of amnesia {unknown}
Potions
 b - a potion of magic
 f - 9 potions of curing
 g - 6 potions of degeneration {unknown}
 j - a potion of might {unknown}
 l - 7 potions of flight
 p - 2 potions of ambrosia {unknown}
 A - a potion of heal wounds
 B - a potion of brilliance {unknown}
 H - a potion of lignification {unknown}


   Skills:
 + Level 5.5 Fighting
 - Level 5.0 Armour
 + Level 2.3 Dodging
 - Level 2.1 Stealth
 + Level 10.1 Spellcasting
 - Level 5.0 Conjurations
 - Level 1.0 Translocations
 - Level 0.7 Transmutations
 - Level 10.0 Earth Magic
 * Level 2.1 Poison Magic


You had 20 spell levels left.
You knew the following spells:

 Your Spells              Type           Power      Damage    Failure   Level
a - Sandblast             Erth           100%       2d20      1%          1
b - Stone Arrow           Conj/Erth      100%       3d13      1%          3
g - Apportation           Tloc           36%        N/A       4%          1
t - Olgreb's Toxic Radia  Pois           24%        N/A       26%         4

Your spell library contained the following spells:

 Spells                   Type           Power      Damage    Failure   Level
 Momentum Strike          Conj/Tloc      56%        3d9       2%          2
 Passwall                 Tmut/Erth      34%        N/A       1%          2
 Sting                    Tmut/Pois      80%        1d7       3%          1
 Necrotise                Necr           52%        1d6       6%          1
 Poisonous Vapours        Pois/Air       36%        N/A       6%          2
 Mephitic Cloud           Conj/Pois/Air  25%        N/A       7%          3
 Petrify                  Tmut/Erth      41%        N/A       7%          4
 Leda's Liquefaction      Hex/Erth       19%        N/A       8%          4
 Portal Projectile        Hex/Tloc       30%        N/A       16%         3
 Call Canine Familiar     Summ           13%        N/A       19%         3
 Inner Flame              Hex/Fire       13%        N/A       19%         3
 Vampiric Draining        Necr           13%        2d6       19%         3
 Cause Fear               Hex            6%         N/A       52%         4
 Alistair's Intoxication  Tmut/Pois      13%        N/A       67%         5
 Agony                    Necr           13%        N/A       86%         5
 Discord                  Hex            6%         N/A       100%        8
 Cigotuvi's Dreadful Rot  Necr/Pois/Air  Unusable   N/A       N/A         2

Dungeon Overview and Level Annotations

Branches:
Dungeon (11/15)            Temple (1/1) D:5            Lair (0/5) D:10
  Sewer (visited)
    Orc: D:9-12

Altars:
Ashenzari
Cheibriados
Dithmenos
Elyvilon
Fedhas
Gozag
Hepliaklqana
Kikubaaqudgha
Makhleb
Nemelex Xobeh
Okawaru
Qazlal
Ru
Sif Muna
Trog
Uskayaw
Vehumet
Wu Jian
Xom
Yredelemnul
Zin
The Shining One

Shops:
D:7 :   D:8 [   D:10 *

Annotations:
D:7 2 transporters
D:9 3 runed translucent doors, Flugkiller's ghost, novice OpMo


Innate Abilities, Weirdness & Mutations

You are immune to sickness and miasma.
Your stone body is resilient. (AC +7)
You are immune to poison.
You resist negative energy. (rN+)
You are resistant to electric shocks. (rElec)
You are resistant to unholy torment.
You are immune to petrification.


Message History

Found a ring mail.
No target in view!
A cyclops and a manticore come into view.
Found 8 stones, a glaive, an amethyst potion and a potion of curing.
The cyclops shouts!
You hear a shout! x3; You hear a bellow!
You hear a horrible gurgling sound!
You hear a shout!
A brown ugly thing comes into view.
You hear a shout! x2; You hear two shouts!
You see here a scroll labelled USKAEGHAMU.
You completely miss the brown ugly thing.
You hear a shout!
The brown ugly thing closely misses you.
The brown ugly thing tentacle-slaps you!
You are splashed with acid!
There are monsters nearby!
The brown ugly thing attacks as you move away!
The brown ugly thing tentacle-slaps you.
The acid corrodes you!
You are splashed with acid!
An acid dragon comes into view.
The acid dragon roars!
You hear a shout!
The brown ugly thing tentacle-slaps you but does no damage.
The acid dragon spits acid at you. The splash of acid misses you.
The brown ugly thing attacks as you move away!
The brown ugly thing tentacle-slaps you!
The acid corrodes you!
You are splashed with acid!
The manticore flicks its tail.
The volley of spikes misses you.
The brown ugly thing attacks as you move away!
The brown ugly thing barely misses you.
A cyclops comes into view.
The brown ugly thing attacks as you move away!
The brown ugly thing barely misses you.
The manticore flicks its tail.
The volley of spikes hits you.
The barbed spikes become lodged in your body.
* * * LOW HITPOINT WARNING * * *
The acid dragon spits acid at you. The splash of acid hits you!!
You die...

#.#...### ......
...##...##.......#
.........#..C....#
.................#
.................#####
...............#.....##
..................<...##
...##..................#
########.........@.....#
### #...............# ..#
####.....D...u.....# ..#
#..........>.......#
..###..................#
....#...#.....H.......##
>(......#......#......#
.(........####C######.#
#####..(####......###.###


You could see a brown ugly thing, a manticore, 2 cyclopes and an acid dragon
(catching breath).

Vanquished Creatures
  A two-headed ogre (D:10)
  A manticore (D:10)
  An unseen horror zombie (D:9)
  A troll (D:9)
  A hornet (D:9)
  Sigmund (D:3)
  2 wraiths
  A steam dragon (D:9)
  Menkaure (D:7)
  An acid dragon (D:8)
  A water moccasin (D:7)
  A sky beast (D:8)
  3 orc warriors
  An ice beast (D:6)
  3 centaurs
  2 phantoms (D:6)
  4 kobold brigands
  A necrophage (D:3)
  2 gnoll sergeants (D:10)
  2 scorpions
  14 wights
  11 killer bees
  2 gnoll boudas
  4 orc priests
  3 hounds
  An iron imp (D:8)
  2 jellies (D:6)
  Terence (D:2)
  5 iguanas
  8 orc wizards
  A howler monkey zombie (D:9)
  12 gnolls
  9 adders
  2 river rats (Sewer)
  2 shadow imps
  A white imp (D:5)
  An ufetubus (D:5)
  4 worms
  3 dart slugs
  23 orcs
  3 ball pythons
  9 bats
  5 endoplasms
  3 giant cockroaches
  3 goblins
  8 hobgoblins
  4 jackals
  20 kobolds
  2 quokkas (D:2)
  3 frilled lizards (D:1)
  5 rats
205 creatures vanquished.

Vanquished Creatures (others)
  3 gnolls (D:9)
3 creatures vanquished.

Grand Total: 208 creatures vanquished

Notes
Turn   | Place    | Note
-------+----------+-------------------------------------------
     0 | D:1      | zero the Gargoyle Earth Elementalist began the quest for
                  | the Orb.
     0 | D:1      | Reached XP level 1. HP: 10/10 MP: 3/3
   112 | D:1      | Learned a level 1 spell: Apportation
   134 | D:1      | Reached XP level 2. HP: 16/16 MP: 0/5
   417 | D:1      | You fall into a shaft and drop 1 floor!
   647 | D:1      | Reached skill level 1 in Conjurations
   647 | D:1      | Reached XP level 3. HP: 20/20 MP: 4/6
   651 | D:1      | Learned a level 3 spell: Stone Arrow
   842 | D:2      | Reached skill level 1 in Fighting
  1357 | D:2      | Identified the +4 kite shield of Gravity {rF+ Str+4}
  1504 | D:2      | Noticed Terence
  1763 | D:3      | Reached skill level 1 in Translocations
  1763 | D:3      | Reached XP level 4. HP: 25/25 MP: 5/8
  1814 | D:3      | Noticed Sigmund
  1940 | D:3      | Found a shadowy altar of Dithmenos.
  1940 | D:3      | Found a white marble altar of Elyvilon.
  1992 | D:3      | Found an ancient bone altar of Kikubaaqudgha.
  2298 | D:3      | Found a burning altar of Makhleb.
  2414 | D:3      | Found a sparkling altar of Nemelex Xobeh.
  2614 | D:4      | Identified the +7 falchion of the Chain {heavy, rN+ SInv}
  2759 | D:4      | Noticed a necrophage
  2966 | D:3      | Killed a necrophage
  2967 | D:3      | Reached XP level 5. HP: 27/29 MP: 0/10
  3214 | D:3      | Reached skill level 5 in Earth Magic
  3390 | D:4      | Reached XP level 6. HP: 34/34 MP: 8/12
  3451 | D:4      | Identified the +1 hand axe of the Beast {freeze, rPois rN+}
  4262 | D:4      | Identified the +5 kite shield "Edoih" {Str+3 SInv}
  4497 | D:3      | Killed Sigmund
  4498 | D:3      | Reached skill level 5 in Spellcasting
  4498 | D:3      | Reached XP level 7. HP: 32/38 MP: 3/14
  4661 | D:2      | Killed Terence
  4903 | D:5      | Entered Level 5 of the Dungeon
  5414 | D:5      | Found a staircase to the Ecumenical Temple.
  5440 | Temple   | Entered the Ecumenical Temple
  6375 | D:6      | Reached XP level 8. HP: 36/43 MP: 3/17
  7005 | D:6      | Found a glowing drain.
  7043 | Sewer    | Entered a sewer
  7302 | Sewer    | Found a glowing silver altar of Zin.
  7720 | D:7      | Found Qixamm's Vocational Training.
  7746 | D:7      | Reached XP level 9. HP: 22/47 MP: 13/21
  8213 | D:7      | Found a radiant altar of Vehumet.
  8281 | D:7      | Identified the +2 robe "Bekhoa" {Regen+}
  8499 | D:7      | Became a worshipper of Vehumet
  8603 | D:7      | Noticed Menkaure
  8606 | D:7      | Killed Menkaure
  8921 | D:7      | Found a transporter.
  8921 | D:7      | Found a transporter.
  9020 | D:8      | Found a glowing silver altar of Zin.
  9118 | D:8      | Found Dufuh's Armour Boutique.
  9140 | D:8      | Bought a +0 pair of boots for 72 gold pieces
  9240 | D:8      | Found a snail-covered altar of Cheibriados.
  9332 | D:8      | Found a broken altar of Ashenzari.
  9336 | D:8      | Saw a vision of the Shoals and the Snake Pit.
  9336 | D:8      | Noticed a shock serpent
  9336 | D:8      | Noticed a manticore
  9336 | D:8      | Noticed a manticore
  9336 | D:8      | Noticed a merfolk
  9336 | D:8      | Noticed a merfolk
  9336 | D:8      | Noticed a water nymph
  9336 | D:8      | Noticed a merfolk
  9337 | D:8      | Noticed a merfolk javelineer
  9339 | D:8      | Noticed a naga mage
  9433 | D:8      | Reached skill level 10 in Spellcasting
  9659 | D:9      | Reached skill level 10 in Earth Magic
  9712 | D:9      | Reached * piety under Vehumet
  9712 | D:9      | Offered knowledge of Shock by Vehumet.
  9720 | D:9      | Reached skill level 1 in Armour
  9940 | D:9      | Noticed a hornet
  9944 | D:9      | Reached XP level 10. HP: 52/53 MP: 21/24
 10086 | D:9      | Found a runed translucent gate.
 10086 | D:9      | Found a runed translucent gate.
 10086 | D:9      | Found a runed translucent gate.
 10086 | D:9      | Noticed Flugkiller's ghost (novice OpMo)
 10088 | D:9      | Found a basalt altar of Yredelemnul.
 10207 | D:9      | Found a bloodstained altar of Trog.
 10825 | D:10     | Entered Level 10 of the Dungeon
 10899 | D:10     | Found Ubbiel's Assorted Antiques.
 11002 | D:10     | Reached skill level 5 in Conjurations
 11126 | D:10     | Noticed a two-headed ogre
 11131 | D:10     | Killed a two-headed ogre
 11132 | D:10     | Reached skill level 5 in Fighting
 11132 | D:10     | Reached skill level 5 in Armour
 11137 | D:10     | Learned a level 4 spell: Olgreb's Toxic Radiance
 11160 | D:10     | Found a staircase to the Lair.
 11355 | D:10     | Identified the +7 chain mail of Words of Power {Fly rElec
                  | rPois Int-2}
 11413 | D:10     | Noticed a manticore
 11420 | D:10     | Killed a manticore
 11420 | D:10     | Offered knowledge of Momentum Strike by Vehumet.
 11421 | D:10     | Reached skill level 1 in Poison Magic
 11421 | D:10     | Reached ** piety under Vehumet
 11988 | D:11     | Noticed a cyclops
 11988 | D:11     | Noticed a manticore
 11988 | D:11     | Noticed a brown ugly thing
 11999 | D:11     | Noticed a cyclops
 12000 | D:11     | Killed from afar by an acid dragon

Illustrated notes

Levels and vault maps discovered:
D:1:      amcnicky_arrival_blooded_trapdoor, layout_rooms, st_stairs_11,
          feat_on_display
D:2:      layout_basic, grunt_decor_cap, serial_bayou_pond_c, nicolae_titane,
          uniq_terence
D:3:      layout_basic, nicolae_overflow_hidden_temple,
          nemelex_dance_club_becter, lightli_temple_of_fire, uniq_sigmund
D:4:      layout_layer_cave, kennysheep_generic_room_8
D:5:      layout_basic, minmay_temple_entry_nine_rooms, fountainhead,
          chequers_serial_rivers_small_b
D:6:      layout_loops_ring, cheibrodos_sewer_entry_sluice, kennysheep_doodads
D:7:      gammafunk_beogh_shrine, layout_loops_ring, lemuel_tele_altar,
          amcnicky_mini_corridor_feature, hangedman_abyss_or_decor_lesser_grid,
          nicolae_shop_vocational, uniq_menkaure
D:8:      layout_basic, grunt_ashenzari_visionary
          [grunt_ashenzari_visionary_shoals, grunt_ashenzari_visionary_snake],
          overflow_temple_1_default, slow_altar_1, serial_shops, shop
D:9:      layout_basic, kennysheep_mini, nicolae_yredelemnul_ghost_church
D:10:     layout_cross, lair_entry_dummy, nicolae_take_the_stairs
D:11:     nicolae_hexawheel, layout_rooms, orc_0_dummy, minmay_alternating_orb
Temple:   minmay_temple_curvy_loop

Skill      XL: |  1  2  3  4  5  6  7  8  9 10 |
---------------+-------------------------------+-----
Conjurations   | 1 2 5 |  5.0
Fighting       | 1 2 5 |  5.5
Earth Magic    | 4 5 6 8 10 | 10.0
Translocations | 1 |  1.0
Spellcasting   | 3 4 5 6 8 10 | 10.1
Armour         | 1 5 |  5.0
Dodging        | 2 |  2.3
Poison Magic   | 2 |  2.1
Stealth        | |  2.1
Transmutations | |  0.7

Action                     |  1- 3 |  4- 6 |  7- 9 | 10-12 || total
---------------------------+-------+-------+-------+-------++-------
  Melee: Dagger            |    19 |     4 |       |       ||    23
         Falchion          |       |    17 |    64 |    14 ||    95
         Punch             |       |     1 |     1 |       ||     2
   Cast: Sandblast         |    55 |    41 |    96 |    44 ||   236
         Stone Arrow       |       |    10 |    44 |    44 ||    98
   Stab: Sleeping          |       |     1 |     1 |       ||     2
 Armour: Robe              |    29 |    28 |    75 |    37 ||   169
         Leather armour    |       |       |    23 |       ||    23
  Dodge: Dodged            |    31 |    38 |   108 |    45 ||   222
  Block: Buckler           |       |       |    13 |     7 ||    20

Table legend: (Time is in decaauts)
 A = Elapsed time spent in this place.
 B = Non-inter-level travel time spent in this place.
 C = Inter-level travel time spent in this place.
 D = Time resting spent in this place.
 E = Time spent auto-exploring this place.
 F = Levels seen in this place.
 G = Mean time per level.
                   A        B        C        D        E       F      G
               +--------+--------+--------+--------+--------+-----+--------+
         Total |  12273 |  11500 |    773 |   2148 |   7824 |  13 |  944.1 |
       Dungeon |  11634 |  10885 |    749 |   1994 |   7430 |  11 | 1057.6 |
        Temple |    302 |    278 |     24 |      0 |    275 |   1 |  302.0 |
         Sewer |    336 |    336 |      0 |    154 |    119 |   1 |  336.0 |
               +--------+--------+--------+--------+--------+-----+--------+

Top non-repeatable levels by time:
     D:3: 1654 daAuts
     D:9: 1409 daAuts
     D:4: 1368 daAuts
     D:7: 1294 daAuts
     D:5: 1166 daAuts
     D:2: 1146 daAuts
     D:6: 1082 daAuts
    D:10: 1036 daAuts
     D:1: 808 daAuts
     D:8: 587 daAuts
   Sewer: 336 daAuts
  Temple: 302 daAuts
    D:11: 80 daAuts
